 Dungeon Crawl Stone Soup version 0.30-a0-373-gd37427bb62 (webtiles) character file.

Game seed: 7187071277863689729

46 Raultor the Changer (level 3, -2/18 (23) HPs)
             Began as an Octopode Transmuter on Nov 24, 2022.
             Slain by an orc
             ... wielding a +0 flail of draining
              (6 damage)
             ... on level 3 of the Dungeon.
             The game lasted 00:09:02 (1890 turns).

Raultor the Changer (Octopode Transmuter)           Turns: 1890, Time: 00:09:02

HP:   -2/18 (23)    AC:  2    Str: 11    XL:     3   Next: 68%
MP:   6/6           EV: 12    Int: 15    God:
Gold: 80            SH:  3    Dex: 12    Spells: 3/6 levels left

rFire   . . .      SeeInvis .      - Unarmed
rCold   . . .      Faith    .    g - +0 buckler
rNeg    . . .      Spirit   .    k - +1 hat
rPois   .          Reflect  .    l - amulet of regeneration
rElec   .          Harm     .    (no ring)
rCorr   .          Rampage  .    (no ring)
Will    .....                    (no ring)
Stlth   ++........               (no ring)
HPRegen 1.03/turn                (no ring)
MPRegen 0.10/turn                (no ring)
                                 (no ring)
                                 (no ring)

@: heavily drained
A: almost no armour, amphibious, 8 rings, camouflage 1, gelatinous body 1,
(nimble swimmer 1), tentacles
a: no special abilities


You were on level 3 of the Dungeon.
You visited 1 branch of the dungeon, and saw 3 of its levels.

You collected 176 gold pieces.
You spent 96 gold pieces at shops.


Innate Abilities, Weirdness & Mutations

You cannot wear most types of armour.
You are amphibious.
You can wear up to eight rings at the same time.
Your skin changes colour to match your surroundings (Stealth+).
Your rubbery body absorbs attacks. (AC +1, EV +1)
((You are camouflaged when in or above water. (Stealth+)))
You have tentacles for arms and can constrict up to eight enemies at once.


   Skills:
 - Level 1.0 Fighting
 - Level 2.0 Dodging
 - Level 3.0 Unarmed Combat
 - Level 2.0 Spellcasting
 * Level 3.9 Transmutations


You had 3 spell levels left.
You knew the following spells:

 Your Spells              Type           Power      Damage    Failure   Level
b - Beastly Appendage     Tmut           26%        N/A       6%          1
w - Wereblood             Tmut           13%        N/A       9%          2

Your spell library contained the following spells:

 Spells                   Type           Power      Damage    Failure   Level
 Spider Form              Tmut/Pois      7%         N/A       38%         3
 Ice Form                 Ice/Tmut       7%         N/A       80%         4

Inventory:

Armour
 g - a +0 buckler (worn)
 k - a +1 hat (worn)
Jewellery
 l - an amulet of regeneration (around mantle)
Scrolls
 b - 3 scrolls of fear {unknown}
 h - a scroll of poison {unknown}
 m - a scroll of enchant armour {unknown}
 n - 2 scrolls of identify {@r1}
 p - a scroll of butterflies {unknown}
 q - a scroll of torment {unknown}
Potions
 a - 2 potions of lignification
 c - 2 potions of mutation {unknown}
 d - a potion of invisibility
 e - a potion of magic
 f - 2 potions of curing {unknown}
 i - 3 potions of haste {unknown}
 j - a potion of ambrosia
 o - a potion of flight {unknown}

Dungeon Overview and Level Annotations

Branches:
Dungeon (3/15)

Altars:

Shops:
D:3

? #.......# #.# #.#.#.#
#.......#####.######....#.
#.............#......#...#
#.......#######.#######.##
#.......# #.# #.#
#.......# #.# #.#
####.#### ##.#######.#
####.#########..........#
#......oo@......#########
#.##.#########.## #. #.#
#.# #. #.# #.# #. #.# #.#
#. #.# #.# .. ..# #<# ..
### #.# #.#


You could see 2 orcs.


Message History

You now have 67 gold pieces (gained 16).
You now have 80 gold pieces (gained 13).
o - a silvery potion
Found a robe.
You see here a +0 robe.
Found a scroll labelled XAFUISKOX.
p - a scroll labelled XAFUISKOX
Found a stone staircase leading up.
Found a scroll labelled NIFFUO YNASAL.
q - a scroll labelled NIFFUO YNASAL An orc wizard and 2 orcs come into view.
An orc is wielding a +0 flail of draining.
An orc is wielding a +0 dagger of venom.
The orc shouts!
The orc moves out of view.
The orc shouts!
You hear a shout! x2
You hear a shout!
The orc attacks as you move away!
The orc hits you with a +0 flail of draining.
You feel drained. The orc attacks as you move away!
The orc hits you with a +0 flail of draining!
You feel drained. The orc attacks as you move away!
The orc hits you with a +0 flail of draining!
* * * LOW HITPOINT WARNING * * *
You feel drained.
* * * LOW HITPOINT WARNING * * *
The orc attacks as you move away!
The orc hits you with a +0 flail of draining.
You die...

Skill      XL: |  1  2 |
---------------+-------+-----
Transmutations | 3 |  3.9
Fighting       | |  1.0
Dodging        | |  2.0
Unarmed Combat | |  3.0
Spellcasting   | |  2.0

Action                   || total
-------------------------++-------
Melee: Unarmed           ||    74
       Constrict         ||    19
       Kick              ||    12
       Tentacles         ||    10
       Punch             ||     4
 Cast: Beastly Appendage ||    10
       Wereblood         ||     2
  Use: Scroll            ||     3
 Stab: Sleeping          ||     6
Armor: Skin              ||     5
Dodge: Dodged            ||    25
Block: Buckler           ||     3

Levels and vault maps discovered:
D:1:      minmay_arrival_three_doors, layout_loops_corners, serial_forest,
          infiniplex_forest_lined_2, infiniplex_forest_lined_3_way,
          infiniplex_forest_corner_2, infiniplex_forest_end_2,
          infiniplex_forest_zigzag_1, infiniplex_forest_clump_diagonal,
          infiniplex_forest_lined_room_, infiniplex_forest_lined_2
D:2:      layout_rooms, st_stairs_9, kennysheep_crisscross
D:3:      layout_loops_ring, serial_shops, shop

Notes
Turn   | Place    | Note
-------+----------+-------------------------------------------
     0 | D:1      | Raultor the Octopode Transmuter began the quest for the
                  | Orb.
     0 | D:1      | Reached XP level 1. HP: 13/13 MP: 3/3
   532 | D:1      | Reached XP level 2. HP: 18/18 MP: 5/5
  1145 | D:2      | Reached skill level 3 in Transmutations
  1242 | D:2      | Reached XP level 3. HP: 23/23 MP: 4/6
  1245 | D:2      | Learned a level 2 spell: Wereblood
  1746 | D:3      | Found Cyrph's Magic Scroll Shop.
  1765 | D:3      | Bought a scroll of identify for 24 gold pieces
  1765 | D:3      | Bought a scroll of identify for 24 gold pieces
  1765 | D:3      | Bought a scroll of identify for 24 gold pieces
  1765 | D:3      | Bought a scroll of identify for 24 gold pieces
  1890 | D:3      | Slain by an orc

Vanquished Creatures
  An adder (D:2)
  A dart slug (D:2)
  5 endoplasms (D:2)
  2 giant cockroaches
  3 goblins
  6 hobgoblins
  2 quokkas (D:2)
  4 ball pythons
  4 bats
  A kobold (D:2)
  2 rats (D:1)
31 creatures vanquished.

Vanquished Creatures (others)
  A plant (D:1)
1 creature vanquished.

Grand Total: 32 creatures vanquished

Table legend: (Time is in decaauts)
 A = Elapsed time spent in this place.
 B = Non-inter-level travel time spent in this place.
 C = Inter-level travel time spent in this place.
 D = Time resting spent in this place.
 E = Time spent auto-exploring this place.
 F = Levels seen in this place.
 G = Mean time per level.
                   A        B        C        D        E       F      G
               +--------+--------+--------+--------+--------+-----+--------+
         Total |   1888 |   1810 |     78 |      0 |   1492 |   3 |  629.3 |
       Dungeon |   1888 |   1810 |     78 |      0 |   1492 |   3 |  629.3 |
               +--------+--------+--------+--------+--------+-----+--------+

Top non-repeatable levels by time:
     D:1: 1134 daAuts
     D:2: 609 daAuts
     D:3: 143 daAuts

Table legend:
 A = Non-vault XP
 B = Vault XP
 C = Vault XP percentage of total XP
 D = Non-vault monster count
 E = Vault monster count
 F = Vault count percentage of total count
                 A         B        C        D         E       F
            +---------+---------+-------+---------+---------+-------
      Total |      63 |       4 |   6.0 |      29 |       2 |   6.5
            +---------+---------+-------+---------+---------+-------
        D:1 |      15 |       0 |   0.0 |      10 |       0 |   0.0
        D:2 |      48 |       4 |   7.7 |      19 |       2 |   9.5
            +---------+---------+-------+---------+---------+-------
